 Dungeon Crawl Stone Soup version 0.30-a0-341-g682706514a (webtiles) character file.

Game seed: 3686979334789027836

1984 Lambsauce the Cleaver (level 9, -2/78 HPs)
             Began as a Minotaur Fighter on Nov 2, 2022.
             Succumbed to a gnoll's poison
             ... on level 6 of the Dungeon.
             The game lasted 00:10:59 (4752 turns).

Lambsauce the Cleaver (Minotaur Fighter)            Turns: 4752, Time: 00:11:00

Health: -2/78      AC: 25    Str: 24    XL:     9   Next: 1%
Magic:  8/8        EV:  4    Int:  5    God:
Gold:   204        SH:  5    Dex: 11    Spells: 8/8 levels left

rFire   . . .      SeeInvis .    a - +3 war axe
rCold   + . .      Faith    .    c - +0 buckler
rNeg    . . .      Spirit   .    k - +2 crystal plate armour
rPois   .          Reflect  .    (helmet restricted)
rElec   .          Harm     .    n - +0 cloak
rCorr   .          Rampage  .    (no gloves)
Will    .....                    (no boots)
Stlth   ..........               (no amulet)
HPRegen 0.33/turn                f - +4 ring of protection
MPRegen 0.11/turn                j - ring of protection from cold

@: mighty, lethally poisoned (-2 -> -15), weak-willed, weakened
A: horns 2, retaliatory headbutt
a: no special abilities


You were on level 6 of the Dungeon.
You visited 1 branch of the dungeon, and saw 6 of its levels.

You collected 254 gold pieces.
You spent 50 gold pieces at shops.

Inventory:

Hand Weapons
 a - a +3 war axe (weapon)
 i - the +7 whip "Ogrebane" {spect, rN+ Int-4 Dex+2}
   (You took it off a hobgoblin on level 2 of the Dungeon)

   When its wielder attacks, the weapon's spirit leaps out and strikes again.
   The spirit shares a part of any damage it takes with its wielder.
   Int:       It affects your intelligence (-4).
   Dex:       It affects your dexterity (+2).
   rN:        It protects you from negative energy.
Armour
 b - a +0 scale mail
 c - a +0 buckler (worn)
 k - a +2 crystal plate armour (worn)
 n - a +0 cloak (worn)
Jewellery
 f - a +4 ring of protection (left hand)
 j - a ring of protection from cold (right hand)
 o - an amulet of guardian spirit
 u - a ring of flight
Scrolls
 h - a scroll of amnesia
 m - 2 scrolls of magic mapping
 q - 3 scrolls of teleportation
Potions
 e - 3 potions of degeneration
 g - 2 potions of brilliance
 l - 3 potions of lignification
 p - a potion of mutation {unknown}
 s - a potion of berserk rage {unknown}


   Skills:
 + Level 6.7 Fighting
 + Level 11.0 Axes
 + Level 6.4 Armour
 + Level 1.0 Dodging
 + Level 0.1 Stealth
 + Level 5.6 Shields


You had 8 spell levels left.
You didn't know any spells.
Your spell library contained the following spells:

 Spells                   Type           Power      Damage    Failure   Level
 Cigotuvi's Dreadful Rot  Necr/Pois/Air  0%         N/A       100%        2
 Poisonous Vapours        Pois/Air       0%         N/A       100%        2
 Mephitic Cloud           Conj/Pois/Air  0%         N/A       100%        3
 Ozocubu's Armour         Ice            0%         N/A       100%        3
 Ozocubu's Refrigeration  Ice            0%         4d7       100%        7


Dungeon Overview and Level Annotations

Branches:
Dungeon (6/15)             Temple (0/1) D:5

Altars:
Cheibriados

Shops:
D:2 *[[

Annotations:
D:6 Maggie


Innate Abilities, Weirdness & Mutations

You have a pair of horns on your head.
You reflexively headbutt those who attack you in melee.


Message History

You are more poisoned.
The gnoll bouda hits you with a +0 whip.
You barely miss the gnoll bouda.
The gnoll bouda is almost dead.
You feel very sick.
You hit the gnoll bouda but do no damage.
You headbutt the gnoll bouda.
You kill the gnoll bouda!
You feel very sick. The gnoll hits you but does no damage.
You are more poisoned.
Your Axes skill increases to level 11!
You have reached level 9!
Your experience leads to an increase in your attributes!
Increase (S)trength, (I)ntelligence, or (D)exterity?
You feel stronger. x2
You feel better.
The gnoll hits you from afar with a +1 halberd of venom!
You are poisoned.
You feel better.
The gnoll hits you from afar with a +1 halberd of venom!
As you read the scroll of teleportation, it crumbles to dust.
You feel strangely unstable. The gnoll hits you but does no damage.
You are poisoned.
You feel very mighty all of a sudden.
You feel sick. The gnoll hits you but does no damage.
You are more poisoned.
You feel very sick.
You feel very sick. The gnoll hits you but does no damage.
You are more poisoned.
Your surroundings suddenly seem different.
An orc priest comes into view. It is wielding a +0 flail.
* * * LOW HITPOINT WARNING * * *
You feel very sick.
The orc priest shouts!
You hear a shout!
The orc priest calls down the wrath of Beogh upon you.
Pain shoots through your body!
* * * LOW HITPOINT WARNING * * *
You die...

.. ## .. .. .# .#.#
..##### #.#...#
####[####.#.#.###
.......@...)...>#
.####'####.#)#......
.....@.....#.#...##.
..........o#)# #..#
........)†)#)# ....
.......[..##.# ...
#........))#.#.. ...
######+###...#<...#
##..#.#..#


There were no monsters in sight!

Vanquished Creatures
  3 black bears
  An ice beast (D:6)
  An ogre (D:4)
  3 phantoms
  2 bullfrogs (D:6)
  4 scorpions
  3 wights (D:6)
  3 howler monkeys (D:6)
  4 hounds
  2 jellies
  A gnoll bouda (D:6)
  3 orc priests
  3 iguanas
  6 orc wizards
  4 adders
  A white imp (D:5)
  2 dart slugs
  19 orcs
  7 ball pythons
  3 bats (D:1)
  4 endoplasms
  5 giant cockroaches
  5 goblins
  6 hobgoblins
  6 jackals
  7 quokkas
  3 frilled lizards
  3 hobgoblin zombies (D:6)
  5 kobolds
  An orc zombie (D:6)
  5 rats
125 creatures vanquished.

Notes
Turn   | Place    | Note
-------+----------+-------------------------------------------
     0 | D:1      | Lambsauce the Minotaur Fighter began the quest for the Orb.
     0 | D:1      | Reached XP level 1. HP: 19/19 MP: 0/0
   223 | D:1      | Reached XP level 2. HP: 27/27 MP: 1/1
   797 | D:2      | Found Nil Aly's Armour Boutique.
   802 | D:2      | Reached skill level 3 in Axes
   875 | D:2      | Found a snail-covered altar of Cheibriados.
   907 | D:2      | Reached XP level 3. HP: 31/33 MP: 2/2
   931 | D:2      | Found Runwa's Assorted Antiques.
   931 | D:2      | Identified the +7 whip "Ogrebane" {spect, rN+ Int-4 Dex+2}
   951 | D:2      | Found New Tittui's Armour Shoppe.
   985 | D:2      | Bought a scroll labelled EMIMOEG YGISK for 25 gold pieces
   985 | D:2      | Bought a scroll labelled QOMOHI UMMAHU for 25 gold pieces
  1379 | D:2      | Found a faded altar of an unknown god.
  2242 | D:3      | Identified a scroll of acquirement
  2242 | D:3      | Acquired a +0 crystal plate armour
  2287 | D:4      | Reached XP level 4. HP: 40/40 MP: 3/3
  2298 | D:4      | Reached skill level 4 in Axes
  2419 | D:4      | Reached skill level 5 in Axes
  2419 | D:4      | Reached XP level 5. HP: 21/46 MP: 4/4
  2545 | D:4      | Noticed an ogre
  2739 | D:4      | Noticed a phantom
  2753 | D:4      | Killed a phantom
  2754 | D:4      | Reached skill level 6 in Axes
  2754 | D:4      | Reached XP level 6. HP: 48/53 MP: 5/5
  2790 | D:4      | Reached skill level 5 in Armour
  2801 | D:4      | Reached skill level 1 in Dodging
  3171 | D:4      | Reached skill level 5 in Fighting
  3173 | D:4      | Reached skill level 7 in Axes
  3173 | D:4      | Reached XP level 7. HP: 47/61 MP: 6/6
  3554 | D:5      | Entered Level 5 of the Dungeon
  3569 | D:5      | Reached skill level 8 in Axes
  4050 | D:5      | Found a staircase to the Ecumenical Temple.
  4083 | D:5      | Reached XP level 8. HP: 70/70 MP: 7/7
  4094 | D:5      | Reached skill level 9 in Axes
  4094 | D:5      | Reached skill level 5 in Shields
  4440 | D:6      | Reached skill level 10 in Axes
  4564 | D:6      | Noticed Maggie
  4745 | D:6      | Reached skill level 11 in Axes
  4745 | D:6      | Reached XP level 9. HP: 31/78 MP: 8/8
  4751 | D:6      | HP: 1/78 [orc priest/nerve-wracking pain (13)]
  4752 | D:6      | Succumbed to a gnoll's poison

Illustrated notes

Levels and vault maps discovered:
D:1:      lightli_arrival_lavapool, layout_basic
D:2:      layout_loops_ring, serial_shops, shop, shop, shop, basic_altar,
          shapermc_ecumenical_altar_venn, serial_park_tiny_2
D:3:      layout_basic
D:4:      layout_cave_pods, kennysheep_generic_room_8
D:5:      layout_basic, temple_pool_b, grunt_ministairs_12, dk_vineyard_1
D:6:      layout_basic, minmay_mini_ossuary, uniq_maggie

Skill      XL: |  1  2  3  4  5  6  7  8 |
---------------+-------------------------+-----
Shields        | 4 5 |  5.6
Axes           | 3 5 6 7 8 11 | 11.0
Armour         | 4 5 6 |  6.4
Fighting       | 4 5 6 |  6.7
Dodging        | 1 |  1.0
Stealth        | |  0.1

Action                   |  1- 3 |  4- 6 |  7- 9 || total
-------------------------+-------+-------+-------++-------
Melee: War axe           |    94 |    64 |   154 ||   312
       Headbutt          |     5 |    12 |    26 ||    43
  Use: Scroll            |     8 |     3 |     8 ||    19
       Potion            |     1 |     3 |     4 ||     8
Armor: Scale mail        |    58 |       |       ||    58
       Crystal plate arm |     5 |    45 |   166 ||   216
       Skin              |       |    11 |       ||    11
Dodge: Dodged            |    34 |     7 |    14 ||    55
Block: Buckler           |    20 |    15 |    42 ||    77

Table legend: (Time is in decaauts)
 A = Elapsed time spent in this place.
 B = Non-inter-level travel time spent in this place.
 C = Inter-level travel time spent in this place.
 D = Time resting spent in this place.
 E = Time spent auto-exploring this place.
 F = Levels seen in this place.
 G = Mean time per level.
                   A        B        C        D        E       F      G
               +--------+--------+--------+--------+--------+-----+--------+
         Total |   4818 |   4427 |    391 |    334 |   3183 |   6 |  803.0 |
       Dungeon |   4818 |   4427 |    391 |    334 |   3183 |   6 |  803.0 |
               +--------+--------+--------+--------+--------+-----+--------+

Top non-repeatable levels by time:
     D:4: 1197 daAuts
     D:2: 935 daAuts
     D:5: 853 daAuts
     D:1: 812 daAuts
     D:3: 665 daAuts
     D:6: 354 daAuts
